ORI
UNIVERSITY OF GEORGIA BULLDOGS @ UNIVERSITY OF MAINE BLACK BEARS
10/22/2044
 
TOP OF THE 1ST
University of Georgia Bulldogs batting - Pitching for University of Maine Black Bears : RHP Emmanuel Godfrey
Pitching: RHP Emmanuel Godfrey
Batting: RHB Armando Ramirez 0-0: Called Strike
0-1: Ball
1-1: Ground out 6-3 (Groundball, 6, EV 87.5 MPH)
Batting: RHB Rip Log 0-0: Called Strike
0-1: Foul Ball, location: 2F
0-2: Ball
1-2: Ball
2-2: Ball
3-2: Foul Ball, location: 2F
3-2: Strikes out looking
Batting: RHB Wali Mulogo 0-0: Ball
1-0: Called Strike
1-1: Ball
2-1: Ball
3-1: Ground out 5-3 (Groundball, 5D, EV 100.6 MPH)
Top of the 1st over - 0 runs, 0 hits, 0 errors, 0 left on base; University of Georgia 0 - University of Maine 0
BOTTOM OF THE 1ST
University of Maine Black Bears batting - Pitching for University of Georgia Bulldogs : RHP Adrian Foreman
Pitching: RHP Adrian Foreman
Batting: RHB Wataru Tani 0-0: Swinging Strike
0-1: Ball
1-1: Foul Ball, location: 2F
1-2: Foul Ball, location: 2F
1-2: Ball
2-2: Foul Ball, location: 2F
2-2: Strikes out looking
Batting: RHB Juan Bonilla 0-0: Ball
1-0: SINGLE (Groundball, 34D, EV 110.0 MPH)
Batting: RHB Alvin Garcia 0-0: Ball
1-0: Single, Error in OF, E8, batter to second base (Groundball, 4D, EV 101.3 MPH)
Juan Bonilla to third
Batting: LHB Jeremy Nuzzo 0-0: SINGLE (Line Drive, 9S, EV 100.0 MPH)
Juan Bonilla scores
Alvin Garcia to third
Runner from 3rd tries for Home, throw by RF and OUT! 9-2
Jeremy Nuzzo to second
Batting: RHB Yoshitoshi Mori 0-0: Ground out U3 (Groundball, 34, EV 94.4 MPH)
Bottom of the 1st over - 1 run, 3 hits, 1 error, 1 left on base; University of Georgia 0 - University of Maine 1
TOP OF THE 2ND
University of Georgia Bulldogs batting - Pitching for University of Maine Black Bears : RHP Emmanuel Godfrey
Batting: LHB Antonio Razo 0-0: Ball
1-0: Called Strike
1-1: SINGLE (Groundball, 34D, EV 103.1 MPH)
Batting: SHB Javy Franco 0-0: Called Strike
0-1: Ball
1-1: Ball
2-1: Ball
3-1: Called Strike
3-2: Foul Ball, location: 2F
3-2: Fly out, F6 (Flyball, 56D, EV 96.9 MPH)
Batting: RHB Jose Garibay 0-0: Ball
1-0: Ball
2-0: Foul Ball, location: 2F
2-1: Swinging Strike
Antonio Razo steals 2nd base
2-2: SINGLE (Groundball, 4S, EV 60.0 MPH) (infield hit)
Antonio Razo to third
Batting: RHB Ivan Barrientos 0-0: Called Strike
0-1: Swinging Strike
0-2: Ball
1-2: Ball
2-2: Ball
3-2: Strikes out swinging
Batting: RHB Homer Petropoulos 0-0: Ground out 5-3 (Groundball, 5L, EV 99.4 MPH)
Top of the 2nd over - 0 runs, 2 hits, 0 errors, 2 left on base; University of Georgia 0 - University of Maine 1
BOTTOM OF THE 2ND
University of Maine Black Bears batting - Pitching for University of Georgia Bulldogs : RHP Adrian Foreman
Batting: RHB Ivan Navar 0-0: Called Strike
0-1: Ground out 1-3 (Groundball, 25, EV 69.4 MPH)
Batting: RHB Clark Meagher 0-0: Called Strike
0-1: Ground out U3 (Groundball, 3, EV 82.5 MPH)
Batting: RHB Jeff McClellan 0-0: Ball
1-0: Ball
2-0: Foul Ball, location: 2F
2-1: Ball
3-1: Foul Ball, location: 2F
3-2: Ground out 5-3 (Groundball, 56, EV 83.8 MPH)
Bottom of the 2nd over - 0 runs, 0 hits, 0 errors, 0 left on base; University of Georgia 0 - University of Maine 1
TOP OF THE 3RD
University of Georgia Bulldogs batting - Pitching for University of Maine Black Bears : RHP Emmanuel Godfrey
Batting: LHB Jesus Huante 0-0: Called Strike
0-1: Swinging Strike
0-2: Foul Ball, location: 2F
0-2: Ball
1-2: Strikes out looking
Batting: RHB Armando Ramirez 0-0: Foul Ball, location: 2F
0-1: Called Strike
0-2: Foul Ball, location: 2F
0-2: Ball
1-2: Ball
2-2: Fly out, F8 (Line Drive, 8RD, EV 100.0 MPH)
Batting: RHB Rip Log 0-0: Swinging Strike
0-1: Fly out, F7 (Flyball, 7LM, EV 81.3 MPH)
Top of the 3rd over - 0 runs, 0 hits, 0 errors, 0 left on base; University of Georgia 0 - University of Maine 1
BOTTOM OF THE 3RD
University of Maine Black Bears batting - Pitching for University of Georgia Bulldogs : RHP Adrian Foreman
Batting: RHB Chris Arroyo 0-0: Ball
1-0: Ball
2-0: Ground out 5-3 (Groundball, 56, EV 91.3 MPH)
Batting: RHB Wataru Tani 0-0: Reached on error, E6 (Groundball, 6, EV 91.9 MPH)
Batting: RHB Juan Bonilla 0-0: Ground out 5-3 (Groundball, 56S, EV 87.5 MPH)
Batting: RHB Alvin Garcia 0-0: Ball
1-0: Ball
2-0: Swinging Strike
2-1: Foul Ball, location: 2F
2-2: Foul Ball, location: 2F
2-2: Ball
3-2: SINGLE (Groundball, 4MD, EV 101.9 MPH)
Wataru Tani to third
Runner from 3rd tries for Home, SAFE, throw by CF to home
Batting: LHB Jeremy Nuzzo 0-0: Called Strike
0-1: Fielders Choice at 2nd, 6-4 (Groundball, 6, EV 104.4 MPH)
Bottom of the 3rd over - 1 run, 1 hit, 1 error, 1 left on base; University of Georgia 0 - University of Maine 2
TOP OF THE 4TH
University of Georgia Bulldogs batting - Pitching for University of Maine Black Bears : RHP Emmanuel Godfrey
Batting: RHB Wali Mulogo 0-0: Ball
1-0: Foul Ball, location: 2F
1-1: Swinging Strike
1-2: Strikes out looking
Batting: LHB Antonio Razo 0-0: Foul Ball, location: 2F
0-1: Ball
1-1: Ball
2-1: Ball
3-1: Foul Ball, location: 2F
3-2: Reached on error, E4 (Groundball, 4, EV 93.1 MPH)
Batting: SHB Javy Franco 0-0: Ball
1-0: Ball
2-0: Called Strike
2-1: SINGLE (Groundball, 4M, EV 81.9 MPH) (infield hit)
Antonio Razo to second
Batting: RHB Jose Garibay 0-0: Ball
1-0: Foul Ball, location: 2F
1-1: Foul Ball, location: 2F
1-2: Ball
2-2: Ball
3-2: Fly out, F7 (Flyball, 7, EV 93.8 MPH)
Batting: RHB Ivan Barrientos 0-0: Called Strike
0-1: Foul Ball, location: 2F
0-2: Foul Ball, location: 2F
0-2: Foul Ball, location: 2F
0-2: Ball
1-2: Ball
2-2: Reached on error, E5 (Groundball, 56S, EV 89.4 MPH)
Antonio Razo to third
Javy Franco to second
Pitching: RHP Larry McPhee
Batting: RHB Homer Petropoulos 0-0: Ground out 1-3 (Groundball, P, EV 66.9 MPH)
Top of the 4th over - 0 runs, 1 hit, 2 errors, 3 left on base; University of Georgia 0 - University of Maine 2
BOTTOM OF THE 4TH
University of Maine Black Bears batting - Pitching for University of Georgia Bulldogs : RHP Adrian Foreman
Batting: RHB Yoshitoshi Mori 0-0: Ball
1-0: Foul Ball, location: 2F
1-1: Foul Ball, location: 2F
1-2: Foul Ball, location: 2F
1-2: Foul Ball, location: 2F
1-2: Ball
2-2: Foul Ball, location: 2F
2-2: Foul Ball, location: 2F
2-2: Ball
3-2: Foul Ball, location: 2F
3-2: Ground out 5-3 (Groundball, 5, EV 76.9 MPH)
Batting: RHB Ivan Navar 0-0: Ball
1-0: SINGLE (Groundball, 56D, EV 95.6 MPH)
Batting: RHB Clark Meagher 0-0: Foul Ball, location: 2F
0-1: Swinging Strike
0-2: Foul Ball, location: 2F
0-2: Foul Ball, location: 2F
0-2: Ball
1-2: Ball
2-2: Foul Ball, location: 2F
2-2: Foul Ball, location: 2F
2-2: Ball
3-2: Base on Balls
Ivan Navar to second
Batting: RHB Jeff McClellan 0-0: Ball
1-0: Called Strike
1-1: Foul Ball, location: 2F
1-2: Ball
2-2: Foul Ball, location: 2F
2-2: Strikes out swinging
Batting: RHB Chris Arroyo 0-0: Called Strike
0-1: Swinging Strike
0-2: Ball
1-2: SINGLE (Line Drive, 89M, EV 97.5 MPH)
Ivan Navar to third
Clark Meagher to second
Batting: RHB Wataru Tani 0-0: Ball
1-0: SINGLE (Line Drive, 8LS, EV 98.8 MPH)
Ivan Navar scores
Clark Meagher to third
Chris Arroyo to second
Batting: RHB Juan Bonilla 0-0: Called Strike
0-1: Ball
1-1: Swinging Strike
1-2: Fly out, F9 (Line Drive, 9, EV 92.5 MPH)
Bottom of the 4th over - 1 run, 3 hits, 0 errors, 3 left on base; University of Georgia 0 - University of Maine 3
TOP OF THE 5TH
University of Georgia Bulldogs batting - Pitching for University of Maine Black Bears : RHP Larry McPhee
Batting: LHB Jesus Huante 0-0: Foul Ball, location: 2F
0-1: Ball
1-1: Single, Error in OF, E8, batter to second base (Line Drive, 4MD, EV 95.0 MPH)
Batting: RHB Armando Ramirez 0-0: SINGLE (Groundball, 6MD, EV 102.5 MPH)
Jesus Huante to third
Runner from 3rd tries for Home, SAFE, throw by CF to home
Pinch Hitting: RHB Minoru Matsumoto 0-0: Fly out, F8 (Line Drive, 8LD, EV 92.5 MPH)
Batting: RHB Wali Mulogo 0-0: Ball
Armando Ramirez steals 2nd, throwing error, E2
Armando Ramirez to third
1-0: Ground out 5-3 (Groundball, 5, EV 99.4 MPH)
Batting: LHB Antonio Razo 0-0: Ball
1-0: Ball
2-0: Ball
3-0: Base on Balls
Batting: SHB Javy Franco 0-0: Called Strike
0-1: Foul Ball, location: 2F
0-2: Strikes out looking
Top of the 5th over - 1 run, 2 hits, 2 errors, 2 left on base; University of Georgia 1 - University of Maine 3
BOTTOM OF THE 5TH
University of Maine Black Bears batting - Pitching for University of Georgia Bulldogs : RHP Adrian Foreman
Pitching: RHP Trevor Woodbury
Now at SS: Pedro Gonzalez
Batting: RHB Alvin Garcia 0-0: Ball
1-0: Ball
2-0: Ball
3-0: Base on Balls
Batting: LHB Jeremy Nuzzo 0-0: Ball
1-0: Called Strike
1-1: Called Strike
1-2: Ball
2-2: Foul Ball, location: 2F
2-2: Fly out, F8 (Line Drive, 8LD, EV 98.8 MPH)
Batting: RHB Yoshitoshi Mori 0-0: Foul Ball, location: 2F
0-1: Ball
Alvin Garcia is caught stealing 2nd base 2-4
1-1: Ball
2-1: Ball
3-1: SINGLE (Line Drive, 7S, EV 99.4 MPH)
Batting: RHB Ivan Navar 0-0: Foul Ball, location: 2F
0-1: Called Strike
0-2: Foul Ball, location: 2F
0-2: Foul Ball, location: 2F
0-2: Fly out, F9 (Flyball, 9, EV 92.5 MPH)
Bottom of the 5th over - 0 runs, 1 hit, 0 errors, 1 left on base; University of Georgia 1 - University of Maine 3
TOP OF THE 6TH
University of Georgia Bulldogs batting - Pitching for University of Maine Black Bears : RHP Larry McPhee
Batting: RHB Jose Garibay 0-0: Ball
1-0: Called Strike
1-1: Swinging Strike
1-2: Strikes out swinging
Batting: RHB Ivan Barrientos 0-0: Ball
1-0: DOUBLE (Flyball, 8RXD, EV 101.3 MPH)
Pinch Hitting: LHB Mitsujiro Tanaka 0-0: Ball
1-0: Ball
2-0: Called Strike
2-1: Ball
3-1: Base on Balls
Batting: LHB Jesus Huante 0-0: Fly out, F8 (Flyball, 8LS, EV 75.6 MPH)
Batting: RHB Armando Ramirez 0-0: Ball
1-0: SINGLE (Flyball, 34D, EV 83.1 MPH)
Ivan Barrientos to third
Mitsujiro Tanaka to second
Runner from 3rd tries for Home, SAFE, throw by RF to home
Batting: RHB Pedro Gonzalez 0-0: Called Strike
0-1: Ball
1-1: Ground out U3 (Groundball, 34, EV 109.4 MPH)
Top of the 6th over - 1 run, 2 hits, 0 errors, 2 left on base; University of Georgia 2 - University of Maine 3
BOTTOM OF THE 6TH
University of Maine Black Bears batting - Pitching for University of Georgia Bulldogs : RHP Trevor Woodbury
Now in LF: Mitsujiro Tanaka
Batting: RHB Clark Meagher 0-0: Ball
1-0: SOLO HOME RUN (Flyball, 7D, EV 100.0 MPH), Distance : 384 ft
Batting: RHB Jeff McClellan 0-0: Ball
1-0: Called Strike
1-1: Called Strike
1-2: Foul Ball, location: 2F
1-2: Foul Ball, location: 2F
1-2: Ball
2-2: Strikes out swinging, 2-3 out at first.
Batting: RHB Chris Arroyo 0-0: Called Strike
0-1: Swinging Strike
0-2: Strikes out swinging
Pitching: RHP David Alferez
Batting: RHB Wataru Tani 0-0: Ball
1-0: Ball
2-0: SINGLE (Line Drive, 5D, EV 96.9 MPH)
Batting: RHB Juan Bonilla 0-0: Called Strike
Wataru Tani steals 2nd base (no throw)
0-1: Called Strike
0-2: Ball
1-2: Fly out, F8 (Flyball, 89D, EV 101.9 MPH)
Bottom of the 6th over - 1 run, 2 hits, 0 errors, 1 left on base; University of Georgia 2 - University of Maine 4
TOP OF THE 7TH
University of Georgia Bulldogs batting - Pitching for University of Maine Black Bears : RHP Larry McPhee
Pitching: RHP Jordan Martinez
Now at 2B: Bobby Love
Now at SS: Jose Simental
Batting: RHB Wali Mulogo 0-0: Foul Ball, location: 2F
0-1: Ball
1-1: Ball
2-1: Foul Ball, location: 2F
2-2: Strikes out swinging
Batting: LHB Antonio Razo 0-0: Swinging Strike
0-1: Ball
1-1: Ball
2-1: Ground out 4-3 (Groundball, 4D, EV 79.4 MPH)
Batting: SHB Javy Franco 0-0: Called Strike
0-1: Ball
1-1: Ground out U3 (Groundball, 34, EV 80.0 MPH)
Top of the 7th over - 0 runs, 0 hits, 0 errors, 0 left on base; University of Georgia 2 - University of Maine 4
BOTTOM OF THE 7TH
University of Maine Black Bears batting - Pitching for University of Georgia Bulldogs : RHP David Alferez
Batting: RHB Alvin Garcia 0-0: Fly out, F7 (Line Drive, 7, EV 107.5 MPH)
Batting: LHB Jeremy Nuzzo 0-0: Called Strike
0-1: Ball
1-1: Ground out 4-3 (Groundball, 4, EV 102.5 MPH)
Batting: RHB Yoshitoshi Mori 0-0: SINGLE (Line Drive, 3D, EV 108.1 MPH)
Batting: RHB Ivan Navar 0-0: Called Strike
0-1: Foul Ball, location: 2F
0-2: Ball
1-2: DOUBLE (Line Drive, 89M, EV 108.1 MPH)
Yoshitoshi Mori to third
Batting: SHB Bobby Love 0-0: Called Strike
0-1: DOUBLE (Groundball, 3L, EV 97.5 MPH)
Yoshitoshi Mori scores
Ivan Navar scores
Batting: LHB Jose Simental 0-0: SINGLE (Groundball, 34D, EV 98.8 MPH) (infield hit)
Bobby Love to third
Batting: RHB Chris Arroyo 0-0: Called Strike
0-1: SINGLE (Groundball, 56D, EV 95.6 MPH)
Bobby Love scores
Jose Simental to second
Pitching: RHP Randy Kline
Batting: RHB Wataru Tani 0-0: Ball
1-0: SINGLE (Groundball, 34D, EV 90.6 MPH) (infield hit)
Jose Simental to third
Chris Arroyo to second
Batting: RHB Juan Bonilla 0-0: Ball
1-0: Ball
2-0: Ball
3-0: Base on Balls
Jose Simental scores
Chris Arroyo to third
Wataru Tani to second
Batting: RHB Alvin Garcia 0-0: Called Strike
0-1: Ball
1-1: Foul Ball, location: 2F
1-2: Fly out, F5 (Popup, 56, EV 62.5 MPH)
Bottom of the 7th over - 4 runs, 6 hits, 0 errors, 3 left on base; University of Georgia 2 - University of Maine 8
TOP OF THE 8TH
University of Georgia Bulldogs batting - Pitching for University of Maine Black Bears : RHP Jordan Martinez
Batting: RHB Jose Garibay 0-0: Called Strike
0-1: Swinging Strike
0-2: Strikes out swinging
Batting: RHB Ivan Barrientos 0-0: Foul Ball, location: 2F
0-1: SINGLE (Groundball, 6S, EV 71.3 MPH) (infield hit)
Batting: LHB Mitsujiro Tanaka 0-0: Called Strike
0-1: Ball
1-1: SINGLE (Line Drive, 8RS, EV 90.6 MPH)
Ivan Barrientos to second
Batting: LHB Jesus Huante 0-0: Called Strike
0-1: Ball
1-1: Ball
2-1: Fly out, F9 (Flyball, 9LD, EV 110.6 MPH)
Runner from 2nd tags up, SAFE at 3rd, no throw by RF
Batting: RHB Armando Ramirez 0-0: Ball
1-0: Foul Ball, location: 2F
1-1: Ball
2-1: Ball
3-1: Fly out, F6 (Line Drive, 6, EV 67.5 MPH)
Top of the 8th over - 0 runs, 2 hits, 0 errors, 2 left on base; University of Georgia 2 - University of Maine 8
BOTTOM OF THE 8TH
University of Maine Black Bears batting - Pitching for University of Georgia Bulldogs : RHP Randy Kline
Batting: LHB Jeremy Nuzzo 0-0: Ground out U3 (Groundball, 34, EV 77.5 MPH)
Batting: RHB Yoshitoshi Mori 0-0: Foul Ball, location: 2F
0-1: Ball
1-1: Ball
2-1: Fly out, F9 (Flyball, 9LM, EV 90.0 MPH)
Batting: RHB Ivan Navar 0-0: SOLO HOME RUN (Flyball, 7D, EV 96.9 MPH), Distance : 377 ft
Batting: SHB Bobby Love 0-0: Ball
1-0: Ball
2-0: Fly out, F9 (Flyball, 9, EV 88.1 MPH)
Bottom of the 8th over - 1 run, 1 hit, 0 errors, 0 left on base; University of Georgia 2 - University of Maine 9
TOP OF THE 9TH
University of Georgia Bulldogs batting - Pitching for University of Maine Black Bears : RHP Jordan Martinez
Pitching: RHP Mark Frizzell
Pinch Hitting: RHB Jeff Floyd 0-0: Ball
1-0: Ball
2-0: Ball
3-0: Called Strike
3-1: SOLO HOME RUN (Flyball, 9D, EV 100.0 MPH), Distance : 391 ft
Batting: RHB Wali Mulogo 0-0: Called Strike
0-1: Swinging Strike
0-2: Ball
1-2: Foul Ball, location: 2F
1-2: Foul Ball, location: 2F
1-2: Strikes out looking
Batting: LHB Antonio Razo 0-0: Ball
1-0: Called Strike
1-1: Called Strike
1-2: Strikes out looking
Batting: SHB Javy Franco 0-0: Ball
1-0: Swinging Strike
1-1: Ball
2-1: Ball
3-1: Foul Ball, location: 2F
3-2: DOUBLE (Line Drive, 78D, EV 104.4 MPH)
Batting: RHB Jose Garibay 0-0: Called Strike
0-1: Foul Ball, location: 2F
0-2: Foul Ball, location: 2F
0-2: Ball
1-2: Strikes out swinging
Top of the 9th over - 1 run, 2 hits, 0 errors, 1 left on base; University of Georgia 3 - University of Maine 9
Thursday, March 31st , 2022 - OOTP Baseball 22.12 Build 89